 Dungeon Crawl Stone Soup version 0.30.1-4-g462c640d31 (webtiles) character file.

Game seed: 5904942456411263108

858 croobank the Sneak (level 7, -13/59 HPs)
             Began as a Demigod Delver on Aug 31, 2023.
             Killed by nerve-wracking pain
             ... invoked by an orc priest
              (14 damage)
             ... on level 5 of the Dungeon.
             The game lasted 00:13:43 (4197 turns).

croobank the Sneak (Demigod Delver)                 Turns: 4197, Time: 00:13:44

Health: -13/59     AC:  4    Str: 13    XL:     7   Next: 43%
Magic:  10/12      EV: 13    Int: 20    God:
Gold:   244        SH:  0    Dex: 15    Spells: 6/9 levels left

rFire   . . .        a - +2 dagger (flame)
rCold   . . .        (no shield)
rNeg    . . .        s - +0 leather armour
rPois   .            m - +0 helmet
rElec   .            (no cloak)
rCorr   .            (no gloves)
SInv    .            (no boots)
Will    .....        (no amulet)
Stlth   +++          (no ring)
HPRegen 0.29/turn    (no ring)
MPRegen 0.13/turn

%: no passive effects
@: brilliant
A: high MP 1, forlorn, divine attributes
a: no special abilities


You were on level 5 of the Dungeon.
You visited 1 branch of the dungeon, and saw 6 of its levels.

You collected 244 gold pieces.

Inventory:

Hand Weapons
 a - a +2 dagger of flaming (weapon)
 b - a +0 sling of draining
 p - a +0 short sword
Missiles
 u - 8 boomerangs (quivered)
Armour
 m - a +0 helmet (worn)
 r - a scarf of harm
 s - a +0 leather armour (worn)
Jewellery
 d - a ring of ice
Wands
 g - a wand of digging (1)
Scrolls
 c - a scroll of fog
 e - a scroll of vulnerability
 f - a scroll of poison
 w - a scroll of fear
 y - a scroll of magic mapping
Potions
 i - a potion of resistance
 l - a potion of magic {unknown}
 n - a potion of brilliance
 o - a potion of mutation {unknown}
 t - a potion of cancellation {unknown}
 v - a potion of might {unknown}
 x - a potion of flight {unknown}
 z - a potion of degeneration {unknown}


   Skills:
 + Level 4.3 Fighting
 + Level 3.6 Short Blades
 + Level 3.6 Dodging
 + Level 5.8 Stealth
 + Level 1.9 Spellcasting
 * Level 2.2 Hexes
 * Level 2.2 Summonings


You had 6 spell levels left.
You knew the following spells:

 Your Spells              Type           Power      Damage    Failure   Level
a - Summon Guardian Gole  Hex/Summ       16%        N/A       24%         3

Your spell library contained the following spells:

 Spells                   Type           Power      Damage    Failure   Level
 Orb of Destruction       Conj           1%         9d5       100%        7
 Spellforged Servitor     Conj/Summ      4%         N/A       100%        7


Dungeon Overview and Level Annotations

Branches:
Dungeon (6/15)             Temple (0/1) D:5

Shops:
D:4 =


Innate Abilities, Weirdness & Mutations

You have an increased reservoir of magic. (+10% MP)
You shall have no god before yourself.
Your divine heritage dramatically boosts your attributes as you level up.


Message History

The orc hits your guardian golem but does no damage.
The orc priest barely misses you. The orc misses you.
You barely miss the orc priest.
The orc hits your guardian golem but does no damage.
The orc priest invokes the aid of Beogh against you.
Beogh smites you!
* * * LOW HITPOINT WARNING * * *
The orc hits you from afar with a +0 trident!
* * * LOW HITPOINT WARNING * * *
You hit the orc priest. You burn the orc priest.
The orc priest is lightly wounded.
The orc hits your guardian golem with a +0 whip.
The orc priest misses you. The orc misses you.
You hit the orc priest but do no damage.
The orc priest is lightly wounded.
The orc hits your guardian golem but does no damage.
The orc priest hits you with a +0 whip.
* * * LOW HITPOINT WARNING * * *
The orc barely misses you.
You hit the orc priest. You burn the orc priest.
The orc priest is moderately wounded.
The orc hits your guardian golem but does no damage.
The orc priest hits you but does no damage.
The orc closely misses you.
You completely miss the orc priest.
The orc priest is moderately wounded.
The orc closely misses you.
The orc priest calls down the wrath of Beogh upon you.
Pain shoots through your body!
* * * LOW HITPOINT WARNING * * *
The orc hits your guardian golem but does no damage.
It was a potion of brilliance.
You feel clever all of a sudden.
The orc hits your guardian golem but does no damage.
The white imp hits your guardian golem.
The white imp freezes your guardian golem.
Your guardian golem resists.
The orc priest calls down the wrath of Beogh upon you.
Pain shoots through your body!
You die...

#.........#.##..≈≈≈≈≈.$##
#...........##...........
******##........................
*,,,,,..........................
*,,,*,.......)†..##.............
**#.#............##.............
#..........?.####....)........
##.............###............O
#.......$.....@.#..........<...
#.............o9#..............
#.............5oo..............
#........................###.#.
#b....)..............)<###*..##
#.............................,
##.........................###*
##...>.............(......#
###.....###......).......#


You could see an orc priest, a white imp (ally target), 2 orcs and a friendly
guardian golem (summoned).

Vanquished Creatures
  4 ogres
  A phantom (D:5)
  A scorpion (D:5)
  A jelly (D:5)
  2 hounds (D:4)
  A hound skeleton (D:2)
  4 adders
  2 gnolls (D:3)
  A worm (D:2)
  5 dart slugs
  6 orcs
  9 endoplasms
  13 giant cockroaches
  11 goblins
  7 hobgoblins
  8 kobolds
  7 quokkas
  6 ball pythons
  A ball python skeleton (D:2)
  2 ball python zombies (D:2)
  9 bats
  7 frilled lizards
  A jackal skeleton (D:2)
  2 quokka skeletons (D:2)
  4 rats (D:3)
115 creatures vanquished.

Vanquished Creatures (others)
  A centaur (D:5)
  A hound (D:5)
2 creatures vanquished.

Grand Total: 117 creatures vanquished

Notes
Turn   | Place    | Note
-------+----------+-------------------------------------------
     0 | D:5      | croobank the Demigod Delver began the quest for the Orb.
     0 | D:5      | Reached XP level 1. HP: 18/18 MP: 3/3
     6 | D:5      | Noticed an ogre
     9 | D:5      | Noticed a scorpion
    10 | D:5      | Noticed a sleepcap
    29 | D:6      | Noticed an ice beast
    33 | D:6      | Noticed an ogre
    35 | D:5      | Noticed a jelly
    41 | D:5      | Noticed an orc priest
    57 | D:5      | Noticed a phantom
    65 | D:5      | Noticed a jelly
    81 | D:5      | Noticed an ogre
   338 | D:1      | Reached XP level 2. HP: 25/25 MP: 4/4
   719 | D:1      | Reached XP level 3. HP: 21/31 MP: 5/5
  1271 | D:2      | Reached skill level 5 in Stealth
  1273 | D:2      | Reached XP level 4. HP: 36/38 MP: 6/6
  2503 | D:3      | Reached XP level 5. HP: 42/45 MP: 7/7
  3091 | D:4      | Noticed an ogre
  3192 | D:4      | Killed an ogre
  3193 | D:4      | Reached skill level 1 in Spellcasting
  3318 | D:4      | Found Teved's Jewellery Boutique.
  3348 | D:4      | Reached XP level 6. HP: 33/52 MP: 10/10
  3353 | D:4      | Learned a level 3 spell: Summon Guardian Golem
  3720 | D:5      | Reached skill level 1 in Hexes
  3720 | D:5      | Reached skill level 1 in Summonings
  3929 | D:5      | Reached XP level 7. HP: 59/59 MP: 12/12
  3980 | D:5      | HP: 2/59 [acid (4)]
  4196 | D:5      | HP: 1/59 [orc priest/nerve-wracking pain (6)]
  4197 | D:5      | Killed from afar by an orc priest

Illustrated notes

Levels and vault maps discovered:
D:1:      lemuel_arrival_behind_the_door_large, layout_rooms,
          serial_bayou_lake_a
D:2:      minmay_roachtagon, layout_loops_ring, serial_undead, serial_undead_a,
          serial_undead_c, serial_undead_e, serial_undead_c, serial_undead_d,
          supply_closet_lemuel
D:3:      layout_rooms, dreamdust_divine_triumvirate, old_standard_altar,
          okawaru_altar_gauntlet_db, hellmonk_ecumenical_altar_inner_sanctum,
          grunt_ministairs_10
D:4:      layout_loops_ring, serial_shops, shop
D:5:      layout_rooms, lightli_temple_of_fire, nicolae_sif_muna_condensation,
          minmay_temple_entry_butterflies
D:6:      layout_basic, nemelex_dance_club_becter, lemuel_crystal_altar,
          chequers_serial_rivers_small_a, minmay_misc_feat_tower

Skill      XL: |  1  2  3  4  5  6  7 |
---------------+----------------------+-----
Short Blades   | 2 3 |  3.6
Dodging        | 2 3 |  3.6
Fighting       | 3 4 |  4.3
Stealth        | 5 |  5.8
Spellcasting   | 1 |  1.9
Hexes          | 1 2 |  2.2
Summonings     | 1 2 |  2.2

Action                     |  1- 3 |  4- 6 |  7- 9 || total
---------------------------+-------+-------+-------++-------
  Melee: Short sword       |   128 |       |       ||   128
         Punch             |     2 |       |     2 ||     4
         Dagger            |    51 |   154 |    72 ||   277
   Fire: Sling             |       |    72 |       ||    72
  Throw: Boomerang         |       |    20 |     4 ||    24
   Cast: Summon Guardian G |       |       |     2 ||     2
  Evoke: Wand              |     2 |       |       ||     2
    Use: Scroll            |     2 |     6 |     2 ||    10
         Potion            |     1 |       |     9 ||    10
   Stab: Sleeping          |    10 |    13 |       ||    23
         Invisible         |       |       |     2 ||     2
 Armour: Leather armour    |    60 |    61 |    15 ||   136
         Skin              |       |       |    65 ||    65
  Dodge: Dodged            |   115 |    86 |    64 ||   265
